Map: Dusk Towers

Players

HuShang

  • Race: Zerg Zerg
  • League: Grandmaster

A.I. 1 (Very Easy) - Winner!

  • Race: Protoss Protoss

VOD

Have the link to the VOD?

Description

Time

  • Played on: March 15, 2016, 4:58 a.m.
  • Length: 13:37
Show
View Real Time Build Order
Export as new Build Order

HuShang Zerg 

Build Orders: Hatch First, Lurkers 

Get SALT Encoding   

  12  0:01  Drone  
  13  0:14  Overlord  
  13  0:19  Drone  
  14  0:32  Drone x2  
  16  0:36  Drone  
  17  0:54  Hatchery  
  16  0:58  Drone  
  16  1:00  Drone  
  18  1:09  Drone  
  19  1:13  Extractor  
  18  1:19  Spawning Pool  
  18  1:21  Drone  
  18  1:31  Drone  
  19  1:41  Drone  
  20  1:52  Overlord  
  20  2:05  Queen x2  
  24  2:09  Drone x2  
  24  2:15  Metabolic Boost  
  26  2:17  Drone x2  
  28  2:25  Drone  
  28  2:28  Drone  
  30  2:34  Drone  
  31  2:38  Drone  
  31  2:40  Hatchery  
  31  2:46  Drone  
  32  2:52  Drone  
  32  2:55  Overlord  
  33  3:03  Drone  
  34  3:06  Overlord  
  34  3:08  Queen  
  36  3:14  Drone x3  
  36  3:16  Drone x4  
  36  3:18  Drone  
  44  3:26  Drone  
  45  3:30  Drone  
  46  3:34  Extractor  
  46  3:35  Extractor  
  46  3:36  Extractor  
  46  3:37  Overlord  
  46  3:41  Drone  
  44  3:46  Drone x3  
  47  3:52  Drone x4  
  51  3:59  Evolution Chamber  
  51  4:00  Drone x2  
  51  4:01  Roach Warren  
  51  4:06  Lair  
  51  4:07  Drone x2  
  51  4:08  Drone  
  54  4:16  Drone x3  
  57  4:19  Drone  
  57  4:20  Drone x5  
  63  4:26  Zerg Missile Weapons Level 1  
  63  4:28  Drone x2  
  63  4:29  Drone  
  66  4:37  Drone, Extractor  
  66  4:38  Extractor  
  65  4:41  Overlord  
  65  4:42  Overlord  
  65  4:50  Drone  
  65  4:52  Hatchery  
  65  4:56  Drone  
  66  5:00  Drone x2  
  66  5:01  Drone x6  
  74  5:10  Drone, Hydralisk Den  
  74  5:25  Extractor x2  
  73  5:28  Drone x3  
  73  5:29  Drone x3  
  73  5:32  Overlord  
  73  5:33  Overlord x3  
  78  5:41  Lurker Den  
  78  5:51  Overseer  
  78  5:55  Hydralisk x8  
  78  5:56  Hydralisk x7  
  108  5:57  Hydralisk  
  110  6:08  Infestation Pit  
  109  6:37  Hatchery  
  109  6:39  Drone x2  
  110  6:44  Zerg Missile Weapons Level 2  
  110  6:53  Drone x5  
  110  6:54  Drone, Overlord x3  
  116  6:55  Overlord x3  
  116  7:00  Hive  
  116  7:02  Spire  
  116  7:07  Extractor  
  114  7:11  Extractor  
  114  7:13  Lurker x4  
  114  7:14  Lurker x4  
  121  7:16  Lurker x2  
  121  7:17  Lurker x2  
  125  8:16  Greater Spire  
  125  8:26  Spine Crawler  
  124  8:28  Spine Crawler  
  124  8:29  Spine Crawler  
  124  8:31  Spine Crawler  
  124  8:33  Spine Crawler  
  120  8:42  Drone x5  
  120  8:43  Drone x3  
  120  8:45  Corruptor x3  
  120  8:46  Corruptor x5  
  120  8:47  Corruptor x4  
  120  8:48  Spine Crawler x3  
  150  8:49  Spine Crawler  
  148  9:00  Zerg Missile Weapons Level 3  
  148  9:08  Hydralisk x6  
  148  9:09  Hydralisk x2  
  164  9:14  Overlord x6  
  164  9:30  Brood Lord x5  
  174  9:32  Brood Lord x4  
  174  9:33  Brood Lord  
  174  9:37  Brood Lord  
  186  9:40  Brood Lord  
  188  10:10  Hydralisk  
  188  10:11  Hydralisk x5  
  200  11:54  Spine Crawler  
  200  11:57  Spine Crawler  
  200  11:58  Spine Crawler  
  200  11:59  Spine Crawler  
  200  12:00  Spine Crawler x2  
  200  12:01  Spine Crawler  
  193  12:02  Spine Crawler  
  192  12:09  Spine Crawler x2  
  192  12:10  Spine Crawler x3  
  192  12:11  Spine Crawler  
  192  12:14  Infestor  
  192  12:15  Infestor x6  
  200  12:33  Spine Crawler  
  199  13:05  Spine Crawler x2  
  197  13:06  Spine Crawler  
  197  13:07  Spine Crawler x2  
Show
View Real Time Build Order
Export as new Build Order

A.I. 1 (Very Easy) Protoss - Winner!

Build Orders: 1 Gate Expand, Nexus First 

Get SALT Encoding   

  12  0:01  Probe (Chrono Boost)  
  13  0:11  Probe (Chrono Boost)  
  14  0:20  Pylon  
  14  0:42  Gateway  
  14  1:00  Nexus  
  14  1:18  Pylon  
  14  1:21  Assimilator  
  14  1:29  Zealot  
  16  1:33  Cybernetics Core  
  16  1:37  Probe (Chrono Boost)  
  17  1:49  Probe (Chrono Boost)  
  18  1:58  Assimilator  
  18  2:00  Probe (Chrono Boost)  
  19  2:08  Stalker  
  19  2:12  Probe (Chrono Boost)  
  19  2:15  Probe (Chrono Boost)  
  23  2:19  Warp Gate  
  24  2:23  Probe (Chrono Boost)  
  24  2:29  Probe (Chrono Boost)  
  25  2:37  Probe (Chrono Boost)  
  26  2:55  Probe (Chrono Boost), Assimilator  
  26  2:57  Pylon  
  27  3:02  Probe (Chrono Boost)  
  28  3:11  Probe (Chrono Boost)  
  29  3:14  Robotics Facility  
  29  3:16  Probe (Chrono Boost)  
  30  3:23  Adept  
  30  3:24  Probe (Chrono Boost)  
  33  3:31  Probe (Chrono Boost)  
  34  3:39  Probe (Chrono Boost)  
  35  3:46  Probe (Chrono Boost)  
  36  3:53  Probe (Chrono Boost)  
  37  3:59  Probe (Chrono Boost)  
  37  4:02  Observer  
  39  4:08  Probe (Chrono Boost)  
  40  4:13  Assimilator  
  40  4:14  Probe (Chrono Boost)  
  41  4:22  Probe (Chrono Boost), Observer  
  43  4:28  Probe (Chrono Boost)  
  44  4:37  Probe (Chrono Boost)  
  44  4:38  Pylon  
  45  4:39  Sentry  
  45  4:43  Probe (Chrono Boost)  
  48  4:50  Probe (Chrono Boost)  
  49  4:57  Probe (Chrono Boost)  
  50  10:56  Warp Prism  
  50  10:58  Stalker  
  50  11:00  Gateway  
  50  11:02  Nexus, Robotics Bay  
  54  11:05  Stargate  
  54  11:07  Pylon  
  50  11:21  Stalker  
  48  11:30  Warp Prism  
  50  11:44  Zealot  
  52  11:49  Observer Gravitic Boosters  
  52  11:51  Gateway  
  52  12:06  Sentry, Observer  
  55  12:25  Assimilator  
  55  12:29  Assimilator  
  55  12:38  Gravitic Drive  
Tags
 
Add a new tag
Caveats
  • Supply blocks, unpowered buildings, or Contaminate may cause inaccurate times.
  • Supply counts are checked every 10 seconds.